 Dungeon Crawl Stone Soup version 0.25.1-2-g60ff931df9 (webtiles) character file.

Game seed: 8107131576334799610

255 Johnny the Digger (level 5, -3/38 HPs)
             Began as a Demigod Earth Elementalist on Oct 8, 2020.
             Slain by an orc
             ... wielding a +0 mace
              (6 damage)
             ... on level 4 of the Dungeon.
             The game lasted 00:03:12 (3906 turns).

Johnny the Digger (Demigod Earth Elementalist)      Turns: 3906, Time: 00:03:12

Health: -3/38      AC:  2    Str: 11    XL:     5   Next: 60%
Magic:  12/12      EV: 12    Int: 21    God:
Gold:   165        SH:  0    Dex: 16    Spells: 2/10 levels left

rFire    . . .     SeeInvis .   g - +0 short sword
rCold    . . .     Gourm    .   (no shield)
rNeg     . . .     Faith    .   c - +0 robe
rPois    .         Spirit   .   (no helmet)
rElec    .         Reflect  .   (no cloak)
rCorr    .         Harm     .   (no gloves)
MR       .....                  (no boots)
Stlth    ++........             l - amulet of regeneration
HPRegen  0.52/turn              (no ring)
MPRegen  0.13/turn              (no ring)

@: stab, hasted, very quick
A: high mp 1
a: no special abilities


You were on level 4 of the Dungeon.
You were not hungry.

You visited 1 branch of the dungeon, and saw 4 of its levels.

You collected 165 gold pieces.

Inventory:

Hand Weapons
 g - a +0 short sword (weapon)
 s - a +0 vorpal spear
Missiles
 b - 159 stones (quivered)
Armour
 c - a +0 robe (worn)
Jewellery
 l - an amulet of regeneration (around neck)
Wands
 r - a wand of polymorph (9)
Scrolls
 a - a scroll of teleportation {unknown}
 e - a scroll of enchant armour {unknown}
 k - a scroll of immolation {unknown}
 m - a scroll of noise {unknown}
 n - a scroll of amnesia {unknown}
 o - 2 scrolls of identify {unknown}
 p - 2 scrolls of remove curse
Potions
 f - a potion of stabbing
 h - a potion of magic {unknown}
 i - 2 potions of haste
 j - a potion of brilliance {unknown}
 t - a potion of berserk rage {unknown}
Comestibles
 d - 11 rations
 q - 4 chunks of flesh


   Skills:
 - Level 1.7 Dodging
 - Level 1.7 Stealth
 + Level 3.2 Spellcasting
 - Level 0.8 Transmutations
 * Level 5.2 Earth Magic


You had 2 spell levels left.
You knew the following spells:

 Your Spells              Type           Power        Failure   Level  Hunger
a - Sandblast             Erth           ####..       1%          1    None
b - Passwall              Tmut/Erth      ###.....     5%          2    ##.....
c - Stone Arrow           Conj/Erth      ##....       13%         3    ###....
d - Blink                 Tloc           N/A          21%         2    ##.....

Your spell library contained the following spells:

 Spells                   Type           Power        Failure   Level  Hunger
 Magic Dart               Conj           #...         13%         1    None
 Call Imp                 Summ           #.......     21%         2    ##.....
 Slow                     Hex            #.......     21%         2    ##.....
 Conjure Flame            Conj/Fire      #.......     36%         3    ###....
 Mephitic Cloud           Conj/Pois/Air  #.......     36%         3    ###....
 Petrify                  Tmut/Erth      ###.....     36%         4    ####...
 Lee's Rapid Deconstruct  Erth           ####......   38%         5    ######.


Dungeon Overview and Level Annotations

Branches:
Dungeon (4/15)
 Temple: D:4-7


Innate Abilities, Weirdness & Mutations

You have an increased reservoir of magic. (+10% MP)


Message History

You hit the orc priest but do no damage.
The orc priest is lightly wounded.
The orc priest hits you with a +0 mace! The orc closely misses you.
You hit the orc priest but do no damage.
The orc priest is lightly wounded.
The orc priest calls down the wrath of Beogh upon you.
Beogh smites you!
* * * LOW HITPOINT WARNING * * *
The orc hits you with a +0 mace.
* * * LOW HITPOINT WARNING * * *
Unknown command.
Unknown command.
It was a potion of haste.
You feel yourself speed up. The orc priest misses you.
Unknown command.
Unknown command.
It was a potion of stabbing.
You feel ready to backstab. The orc hits you with a +0 mace.
You die...

. # .## # ... ## #.# #.
#.# #. #.# #รท #.
#.##### #.
##..o#####.....########.
...oa{o@...###..........
....###o#### ###########
. #.# ..# ####


You could see a worker ant, an orc priest and 3 orcs.

Vanquished Creatures
  A centaur (D:4)
  Ijyb (D:3)
  A worker ant (D:4)
  4 adders
  2 worms
  3 dart slugs (D:1)
  4 leopard geckos
  A ball python (D:1)
  10 bats
  4 giant cockroaches
  11 goblins
  6 hobgoblins
  7 jackals
  2 quokkas
  4 frilled lizards
  A jackal skeleton (D:2)
  10 kobolds
  5 rats
77 creatures vanquished.

Vanquished Creatures (others)
  4 fungi (D:4)
4 creatures vanquished.

Grand Total: 81 creatures vanquished

Notes
Turn   | Place    | Note
-------+----------+-------------------------------------------
     0 | D:1      | Johnny the Demigod Earth Elementalist began the quest for
                  | the Orb.
     0 | D:1      | Reached XP level 1. HP: 14/14 MP: 5/5
   152 | D:1      | Reached skill level 3 in Earth Magic
   347 | D:1      | Reached XP level 2. HP: 20/20 MP: 1/7
  1255 | D:1      | Reached XP level 3. HP: 22/26 MP: 9/9
  2375 | D:2      | Reached skill level 4 in Earth Magic
  2968 | D:3      | Reached XP level 4. HP: 33/33 MP: 10/10
  3079 | D:3      | Noticed Ijyb
  3084 | D:3      | Killed Ijyb
  3111 | D:3      | Learned a level 2 spell: Passwall
  3681 | D:4      | Noticed a centaur
  3694 | D:4      | Killed a centaur
  3694 | D:4      | Reached skill level 5 in Earth Magic
  3694 | D:4      | Reached XP level 5. HP: 14/38 MP: 3/12
  3761 | D:4      | Learned a level 3 spell: Stone Arrow
  3764 | D:4      | Learned a level 2 spell: Blink
  3906 | D:4      | Slain by an orc

Illustrated notes

Levels and vault maps discovered:
D:1:      minmay_arrival_split_and_join, layout_rooms, hangedman_decor_points,
          skrybe_limestone_x
D:2:      layout_rooms
D:3:      layout_rooms, due_unseen_surprise, uniq_ijyb
D:4:      layout_loops_ring, first_ration, serial_aquarium,
          aquarium_bridge_straight [aquarium_subvault_bridge,
          aquarium_subvault_wall, aquarium_subvault_bridge,
          aquarium_subvault_window], aquarium_window_corridor_3,
          aquarium_window_2, aquarium_window_1, aquarium_view_2e,
          nicolae_tso_carved_into_rock

Skill      XL: |  1  2  3  4 |
---------------+-------------+-----
Earth Magic    | 3 4 5 |  5.2
Spellcasting   | 2 3 |  3.2
Dodging        | |  1.7
Stealth        | |  1.7
Transmutations | |  0.8

Action                   |  1- 3 |  4- 6 || total
-------------------------+-------+-------++-------
Melee: Unarmed           |     6 |     2 ||     8
       Short sword       |   103 |    96 ||   199
 Cast: Sandblast         |    36 |    26 ||    62
       Passwall          |       |     3 ||     3
  Use: Scroll            |       |     1 ||     1
       Potion            |       |     2 ||     2
 Stab: Sleeping          |     5 |     5 ||    10
  Eat: Chunk             |     7 |     3 ||    10
Armor: Robe              |    27 |    17 ||    44
Dodge: Dodged            |    83 |    86 ||   169
